 Dungeon Crawl Stone Soup version 0.30-a0-170-g85af917532 (webtiles) character file.

Game seed: 12373355179143024414

251 qw the Chopper (level 6, -4/37 HPs)
             Began as a Gargoyle Fighter on Sept 30, 2022.
             Slain by Edmund
             ... wielding a +0 flail of holy wrath
              (5 damage)
             ... on level 4 of the Dungeon.
             The game lasted 00:01:02 (3484 turns).

qw the Chopper (Gargoyle Fighter)                   Turns: 3484, Time: 00:01:03

Health: -4/37      AC: 15    Str: 22    XL:     6   Next: 13%
Magic:  6/6        EV:  8    Int:  8    God:
Gold:   171        SH:  5    Dex: 15    Spells: 5/5 levels left

rFire   . . .      SeeInvis .    Y - +0 war axe
rCold   . . .      Faith    .    c - +0 buckler
rNeg    + . .      Spirit   .    h - +0 chain mail
rPois   inf        Reflect  .    (no helmet)
rElec   +          Harm     .    (no cloak)
rCorr   .          Rampage  .    i - +0 pair of gloves
Will    .....                    o - +0 pair of boots
Stlth   ..........               (no amulet)
HPRegen 0.12/turn                m - +6 ring of dexterity
MPRegen 0.10/turn                (no ring)

@: about to teleport
A: sickness immunity, AC +4, negative energy resistance 1, electricity
resistance, torment resistance 1, petrification resistance
a: no special abilities


You were on level 4 of the Dungeon.
You visited 1 branch of the dungeon, and saw 4 of its levels.

You collected 171 gold pieces.


Innate Abilities, Weirdness & Mutations

You are immune to sickness and miasma.
Your stone body is resilient. (AC +4)
You are immune to poison.
You resist negative energy. (rN+)
You are resistant to electric shocks. (rElec)
You are resistant to unholy torment.
You are immune to petrification.


   Skills:
 + Level 3.3 Fighting
 - Level 5.0 Axes
 - Level 3.2 Armour
 - Level 2.1 Dodging
 - Level 3.2 Shields


You had 5 spell levels left.
You didn't know any spells.
Your spell library was empty.

Inventory:

Hand Weapons
 b - a +0 morningstar
 Y - a +0 war axe (weapon)
Armour
 c - a +0 buckler (worn)
 h - a +0 chain mail (worn)
 i - a +0 pair of gloves (worn)
 o - a +0 pair of boots (worn)
Jewellery
 m - a +6 ring of dexterity (left hand)
Scrolls
 f - a scroll of identify
 k - a scroll of teleportation
Potions
 a - a potion of mutation
 d - 2 potions of might
 e - a potion of resistance
 j - a potion of flight {unknown}
 l - a potion of lignification

Dungeon Overview and Level Annotations

Branches:
Dungeon (4/15)
 Temple: D:4-7

Altars:
Ashenzari
Cheibriados
Gozag
Hepliaklqana
Sif Muna
Xom

Annotations:
D:4 Edmund


Message History

You kill the orc!
Edmund hits you but does no damage.
You hit Edmund but do no damage.
Edmund is lightly wounded.
Edmund hits you with a +0 flail of holy wrath!
Edmund closely misses you.
You barely miss Edmund.
Edmund is lightly wounded.
Edmund hits you but does no damage.
You closely miss Edmund.
Edmund is lightly wounded.
Edmund hits you but does no damage.
You slash Edmund!
Edmund is moderately wounded.
Edmund hits you but does no damage.
Edmund gestures with his flail.
Edmund hits you but does no damage.
You hit Edmund but do no damage.
Edmund is moderately wounded.
You block Edmund's attack.
You slash Edmund!
Edmund is heavily wounded.
Edmund hits you but does no damage.
You slash Edmund!
Edmund is severely wounded.
Edmund barely misses you.
You barely miss Edmund.
Edmund is severely wounded.
Edmund hits you with a +0 flail of holy wrath. x2
3482 ||| READING 2 scrolls of teleportation.
As you read the scroll of teleportation, it crumbles to dust.
You feel strangely unstable. Edmund hits you but does no damage.
You hit Edmund but do no damage.
Edmund is severely wounded.
Edmund hits you with a +0 flail of holy wrath.
You hit Edmund.
Edmund is almost dead.
Edmund hits you with a +0 flail of holy wrath.
You die...

##......####
##..........#
##>.........#
#...........#
##...........#
#...........#
.......@)...#
......)@...#
#.....).<..#
#.....=...##
##.......##
##......#
##!...##
#...#. .... .
.....


You could see Edmund.

Vanquished Creatures
  A black bear (D:4)
  An orc priest (D:4)
  Terence (D:2)
  3 gnolls (D:3)
  An adder (D:3)
  2 worms (D:3)
  7 orcs
  6 ball pythons
  6 endoplasms
  5 giant cockroaches
  2 goblins (D:1)
  3 hobgoblins
  4 jackals (D:2)
  2 quokkas
  7 bats
  2 frilled lizards
  4 kobolds
  6 rats
63 creatures vanquished.

Notes
Turn   | Place    | Note
-------+----------+-------------------------------------------
     0 | D:1      | qw the Gargoyle Fighter began the quest for the Orb.
     0 | D:1      | Reached XP level 1. HP: 14/14 MP: 1/1
     0 | D:1      | 0 ||| qw: Version: 0.2-a-12-gaebbb33
     0 | D:1      | 0 ||| qw: Game counter: 1507
     0 | D:1      | 0 ||| qw: Always use a shield: true
     0 | D:1      | 0 ||| qw: God list: Okawaru
     0 | D:1      | 0 ||| qw: Allow faded altars: false
     0 | D:1      | 0 ||| qw: Do Orc after D:15 true
     0 | D:1      | 0 ||| qw: Do second Lair branch before Depths: true
     0 | D:1      | 0 ||| qw: Lair rune preference: random
     0 | D:1      | 0 ||| qw: Plans: Normal, Zot:1-4, God:TSO, Crypt, Tomb,
                  | Pan, Slime:5, Hells, Abyss, Orb
     0 | D:1      | 0 ||| PLANNING D:1-11
     1 | D:1      | Noticed a draconian
     4 | D:1      | Noticed an elf
     8 | D:1      | Noticed a gargoyle
    11 | D:1      | Noticed an ogre
    13 | D:1      | Noticed a draconian
    15 | D:1      | Noticed a minotaur skeleton
    17 | D:1      | Noticed a gargoyle
    91 | D:1      | Reached skill level 2 in Axes
   171 | D:1      | Found a faded altar of an unknown god.
   212 | D:1      | 212 ||| Stepping ~*~*~tactically~*~*~ (stealth).
   259 | D:1      | Reached XP level 2. HP: 19/19 MP: 2/2
   383 | D:1      | 383 ||| DROPPING +0 club.
   892 | D:1      | 892 ||| UPGRADING to +0 pair of boots.
   897 | D:1      | 897 ||| READING scroll labelled QIPOYX FACAMI.
   898 | D:1      | 898 ||| READING scroll labelled QUATOU LYOMYBO.
   899 | D:1      | 899 ||| READING 2 scrolls labelled COTOAL GITO.
   900 | D:1      | 900 ||| READING 2 scrolls labelled EPTO XIDOEC.
   901 | D:1      | 901 ||| READING scroll labelled MOHIOF XATSOZ.
   905 | D:1      | 905 ||| READING 3 scrolls labelled HIPEAF ODUNOET.
   906 | D:1      | 906 ||| DRINKING 2 bubbling red potions.
   907 | D:1      | 907 ||| DROPPING potion of invisibility.
   908 | D:1      | 908 ||| DROPPING scroll of butterflies.
   909 | D:1      | 909 ||| DROPPING scroll of fear.
   910 | D:1      | 910 ||| DROPPING 2 scrolls of summoning.
   931 | D:2      | Reached skill level 3 in Axes
   987 | D:2      | Reached XP level 3. HP: 23/23 MP: 3/3
  1009 | D:2      | Identified the +5 trident "Fiuhan" {vorpal, Str+5}
  1012 | D:2      | Noticed Terence
  1019 | D:2      | Killed Terence
  1146 | D:2      | Found a shimmering blue altar of Sif Muna.
  1217 | D:2      | Reached XP level 4. HP: 28/28 MP: 4/4
  1359 | D:2      | 1359 ||| Stepping ~*~*~tactically~*~*~ (stealth).
  1655 | D:2      | 1655 ||| UPGRADING to +0 chain mail.
  1665 | D:2      | 1665 ||| DROPPING +0 scale mail.
  1666 | D:2      | 1666 ||| DROPPING ring of magical power.
  1701 | D:3      | Found a snail-covered altar of Cheibriados.
  1766 | D:3      | Reached skill level 4 in Axes
  1836 | D:3      | Found a broken altar of Ashenzari.
  1837 | D:3      | Found an opulent altar of Gozag.
  1915 | D:3      | 1915 ||| Stepping ~*~*~tactically~*~*~ (stealth).
  1917 | D:3      | 1917 ||| Stepping ~*~*~tactically~*~*~ (stealth).
  1920 | D:3      | 1920 ||| Stepping ~*~*~tactically~*~*~ (stealth).
  1926 | D:3      | 1926 ||| Stepping ~*~*~tactically~*~*~ (stealth).
  2027 | D:3      | 2027 ||| DROPPING +0 whip.
  2144 | D:3      | 2144 ||| FLEEEEING.
  2145 | D:3      | 2145 ||| FLEEEEING.
  2327 | D:3      | 2327 ||| Stepping ~*~*~tactically~*~*~ (stealth).
  2333 | D:3      | 2333 ||| Stepping ~*~*~tactically~*~*~ (stealth).
  2346 | D:3      | 2346 ||| Stepping ~*~*~tactically~*~*~ (hiding).
  2357 | D:3      | Reached XP level 5. HP: 15/32 MP: 5/5
  2583 | D:3      | Found a hazy altar of Hepliaklqana.
  2684 | D:3      | Found a shimmering altar of Xom.
  3404 | D:3      | 3404 ||| UPGRADING to +0 pair of gloves.
  3409 | D:3      | 3409 ||| DROPPING ring of flight.
  3410 | D:3      | 3410 ||| UPGRADING to +6 ring of dexterity.
  3411 | D:3      | 3411 ||| DRINKING 2 brown potions.
  3412 | D:3      | 3412 ||| DRINKING 2 emerald potions.
  3439 | D:3      | 3439 ||| READING 2 scrolls of identify.
  3439 | D:3      | 3439 ||| IDENTIFYING smoky inky potion
  3464 | D:4      | Noticed Edmund
  3464 | D:4      | Noticed a black bear
  3471 | D:4      | Killed a black bear
  3473 | D:4      | Reached skill level 5 in Axes
  3473 | D:4      | Reached XP level 6. HP: 18/37 MP: 6/6
  3481 | D:4      | HP: 8/37 [Edmund/+0 flail of holy wrath (3)]
  3482 | D:4      | 3482 ||| READING 2 scrolls of teleportation.
  3483 | D:4      | HP: 1/37 [Edmund/+0 flail of holy wrath (4)]
  3484 | D:4      | Slain by Edmund

Levels and vault maps discovered:
D:1:      shiori_arrival_whats_in_store_for_you, layout_basic,
          ebering_ecumenical_altar_webs, minmay_misc_feat_hallway
D:2:      layout_basic, basic_altar, uniq_terence
D:3:      layout_basic, grunt_temple_overflow_open, nzn_hepliaklqana_mist_gate,
          slow_altar_1, lemuel_tele_altar, minmay_shallow_snake_nest
D:4:      layout_cave_pods, serial_glass, glass_columns_a, glass_columns_a,
          uniq_blork_the_orc, uniq_edmund

Skill      XL: |  1  2  3  4  5 |
---------------+----------------+-----
Axes           | 2 3 4 5 |  5.0
Dodging        | 2 |  2.1
Fighting       | |  3.3
Armour         | |  3.2
Shields        | |  3.2

Action                   |  1- 3 |  4- 6 || total
-------------------------+-------+-------++-------
Melee: War axe           |    75 |   112 ||   187
Throw: Boomerang         |    26 |    20 ||    46
  Use: Scroll            |     6 |     2 ||     8
       Potion            |     1 |     2 ||     3
Armor: Scale mail        |    31 |    11 ||    42
       Chain mail        |       |    69 ||    69
Dodge: Dodged            |    39 |    35 ||    74
Block: Buckler           |    16 |    29 ||    45

Table legend:
 A = Non-vault XP
 B = Vault XP
 C = Vault XP percentage of total XP
 D = Non-vault monster count
 E = Vault monster count
 F = Vault count percentage of total count
                 A         B        C        D         E       F
            +---------+---------+-------+---------+---------+-------
      Total |     303 |      56 |  15.6 |      58 |       5 |   7.9
            +---------+---------+-------+---------+---------+-------
        D:1 |      29 |       0 |   0.0 |      19 |       0 |   0.0
        D:2 |      28 |      36 |  56.2 |      15 |       1 |   6.2
        D:3 |      78 |      20 |  20.4 |      19 |       4 |  17.4
        D:4 |     168 |       0 |   0.0 |       5 |       0 |   0.0
            +---------+---------+-------+---------+---------+-------
